 Dungeon Crawl Stone Soup version 0.27-a0-1065-ge809cff (webtiles) character file.

Game seed: 1277581830246026761

409 Illumine the Shield-Bearer (level 7, 1/55 HPs)
             Began as a Formicid Fighter on Apr 23, 2021.
             Quit the game on level 4 of the Dungeon.
             The game lasted 00:05:19 (3316 turns).

Illumine the Shield-Bearer (Formicid Fighter)       Turns: 3316, Time: 00:05:19

Health: 1/55       AC:  9    Str: 23    XL:     7   Next: 13%
Magic:  7/7        EV:  6    Int:  7    God:
Gold:   125        SH: 10    Dex: 10    Spells: 6/6 levels left

rFire    . . .     SeeInvis +   m - +0 halberd
rCold    + . .     Faith    .   c - +0 kite shield
rNeg     . . .     Spirit   .   g - +0 chain mail
rPois    .         Reflect  .   (helmet unavailable)
rElec    .         Harm     .   (no cloak)
rCorr    .         Rampage  .   (no gloves)
Will     .....                  (no boots)
Stlth    ..........             (no amulet)
HPRegen  0.18/turn              b - ring of protection from cold
MPRegen  0.10/turn              (no ring)

@: mighty, lethally poisoned (1 -> -9), flying
A: permanent stasis, dig shafts and tunnels, antennae 3, four strong arms
a: Dig, Shaft Self


You were on level 4 of the Dungeon.
You visited 1 branch of the dungeon, and saw 4 of its levels.

You collected 125 gold pieces.

Inventory:

Hand Weapons
 a - a +0 trident
 m - a +0 halberd (weapon)
Missiles
 h - 28 poisoned darts
 t - 3 curare-tipped darts
Armour
 c - a +0 kite shield (worn)
 g - a +0 chain mail (worn)
Jewellery
 b - a ring of protection from cold (left hand)
 i - a ring of resist corrosion
Wands
 o - a wand of mindburst (10)
Scrolls
 e - 6 scrolls of identify {unknown}
 f - a scroll of silence {unknown}
 j - a scroll of vulnerability {unknown}
 k - a scroll of enchant weapon {unknown}
 l - a scroll of amnesia {unknown}
 n - a scroll of teleportation {unknown}
 p - a scroll of magic mapping {unknown}
 q - a scroll of fog {unknown}


   Skills:
 + Level 4.9 Fighting
 * Level 5.0 Polearms
 + Level 3.6 Armour
 + Level 5.3 Shields


You had 6 spell levels left.
You didn't know any spells.
Your spell library contained the following spells:

 Spells                   Type           Power      Damage    Failure   Level
 Foxfire                  Conj/Fire      0%         2x1d4     100%        1
 Conjure Flame            Conj/Fire      0%         6-21      100%        3
 Inner Flame              Hex/Fire       0%         N/A       100%        3
 Sticky Flame             Conj/Fire      0%         2d3       100%        4
 Fireball                 Conj/Fire      0%         3d3       100%        5


Dungeon Overview and Level Annotations

Branches:
Dungeon (4/15)
 Temple: D:4-7

Altars:
Cheibriados
Elyvilon
Hepliaklqana
Okawaru


Innate Abilities, Weirdness & Mutations

You cannot be hasted, slowed, berserked, paralysed or teleported.
You can dig through walls and to a lower floor.
You have a pair of large antennae on your head. (SInv)
Your four strong arms can wield two-handed weapons with a shield.


Message History

* * * LOW HITPOINT WARNING * * *
You feel very sick. The scorpion barely misses you.
Your Polearms skill increases to level 5!
You have reached level 7!
You feel sick. The scorpion barely misses you.
Things that are here:
a +0 falchion; a +0 leather armour You feel sick.
You feel sick.
You feel sick.
There is a white marble altar of Elyvilon here.
You feel sick. You block the scorpion's attack.
You feel sick.
You feel sick.
You are no longer poisoned.
Okay, then.
Unknown command.
Aiming: Mindburst
Press: ? - help, Shift-Dir - straight line, f - scorpion
Aim: a scorpion (moderately wounded, chance to affect: 65%)
The scorpion struggles to resist.
The scorpion stings you.
* * * LOW HITPOINT WARNING * * *
You block the scorpion's attack.
Unknown command.
The scorpion closely misses you. The scorpion stings you.
* * * LOW HITPOINT WARNING * * *
The scorpion stings you but does no damage.
It was a potion of flight.
You feel very buoyant.
You fly up into the air.
The scorpion completely misses you. The scorpion stings you.
* * * LOW HITPOINT WARNING * * *
You are lethally poisoned!
The scorpion poisons you!
Save game and exit?
Welcome back, Illumine the Formicid Fighter.
Press ? for a list of commands and other information.
Are you sure you want to abandon this character and quit the game? (Confirm with "yes".)

#.......#
#.......#
####.####
#.# #.#
#.# #.#
#.# #@#
#s# #g#
#.# ..
#.# ♣..
#.# ♣.♣.
#.# ♣
5.♣.♣ #.#
♣.♣§♣.♣
#.#


You could see a scorpion and a goblin.

Vanquished Creatures
  Eustachio (D:4)
  A scorpion (D:3)
  A jelly (D:4)
  7 gnolls
  2 adders
  2 dart slugs
  13 orcs
  5 endoplasms
  4 giant cockroaches (D:1)
  6 goblins
  9 hobgoblins
  9 jackals
  4 quokkas
  4 ball pythons
  8 bats
  4 frilled lizards
  4 kobolds
  8 rats
  A spectral orc (D:3)
93 creatures vanquished.

Notes
Turn   | Place    | Note
-------+----------+-------------------------------------------
     0 | D:1      | Illumine the Formicid Fighter began the quest for the Orb.
     0 | D:1      | Reached XP level 1. HP: 18/18 MP: 1/1
    47 | D:1      | Reached XP level 2. HP: 20/24 MP: 2/2
   198 | D:1      | Found a faded altar of an unknown god.
   556 | D:1      | Reached XP level 3. HP: 29/29 MP: 3/3
  1060 | D:2      | Reached XP level 4. HP: 33/37 MP: 4/4
  1535 | D:3      | Reached XP level 5. HP: 29/42 MP: 5/5
  2389 | D:3      | Found a snail-covered altar of Cheibriados.
  2577 | D:3      | Found a hazy altar of Hepliaklqana.
  2788 | D:3      | Reached skill level 5 in Shields
  2788 | D:3      | Reached XP level 6. HP: 19/49 MP: 6/6
  3125 | D:4      | Found a white marble altar of Elyvilon.
  3251 | D:4      | Found an iron altar of Okawaru.
  3257 | D:4      | Noticed Eustachio
  3282 | D:4      | Killed Eustachio
  3283 | D:4      | Reached skill level 5 in Polearms
  3283 | D:4      | Reached XP level 7. HP: 8/55 MP: 7/7
  3289 | D:4      | HP: 2/55 [poisoned by a scorpion]
  3304 | D:4      | HP: 2/55 [scorpion (2)]
  3315 | D:4      | HP: 1/55 [scorpion (3)]
  3316 | D:4      | Quit the game

Illustrated notes

Levels and vault maps discovered:
D:1:      minmay_arrival_arboretum_small, layout_basic,
          chequers_ecumenical_altar_island, minmay_ruptured
D:2:      layout_rooms
D:3:      layout_basic, general_overflow_altar,
          nicolae_hepliaklqana_monster_ancestors
D:4:      layout_loops_ring, marbit_many_paths, okawaru_trees_2,
          nicolae_ashenzari_skybound, overflow_temple_1_default, serial_shops,
          nicolae_shop_behind_doors, uniq_blork_the_orc, uniq_eustachio

Skill      XL: |  1  2  3  4  5  6 |
---------------+-------------------+-----
Shields        | 4 5 |  5.3
Polearms       | 3 4 5 |  5.0
Fighting       | 4 |  4.9
Armour         | |  3.6

Action                   |  1- 3 |  4- 6 |  7- 9 || total
-------------------------+-------+-------+-------++-------
Melee: Trident           |   113 |    19 |       ||   132
       Halberd           |       |   190 |       ||   190
Evoke: Wand              |       |       |     1 ||     1
  Use: Potion            |       |     2 |     1 ||     3
Armor: Scale mail        |    11 |       |       ||    11
       Chain mail        |    46 |    96 |     1 ||   143
Dodge: Dodged            |    30 |    64 |     3 ||    97
Block: Kite shield       |    59 |   121 |     2 ||   182

Table legend: (Time is in decaauts)
 A = Elapsed time spent in this place.
 B = Non-inter-level travel time spent in this place.
 C = Inter-level travel time spent in this place.
 D = Time resting spent in this place.
 E = Time spent auto-exploring this place.
 F = Levels seen in this place.
 G = Mean time per level.
                   A        B        C        D        E       F      G
               +--------+--------+--------+--------+--------+-----+--------+
         Total |   3453 |   3367 |     86 |    769 |   1783 |   4 |  863.2 |
       Dungeon |   3453 |   3367 |     86 |    769 |   1783 |   4 |  863.2 |
               +--------+--------+--------+--------+--------+-----+--------+

Top non-repeatable levels by time:
     D:3: 1340 daAuts
     D:1: 1015 daAuts
     D:2: 754 daAuts
     D:4: 343 daAuts
